 Dungeon Crawl Stone Soup version 0.31.0-11-ge490571c62 (webtiles) character file.

Game seed: 11599243412439555210

51 qw the Shooter (level 3, 0/20 HPs)
             Began as a Deep Elf Hunter on Feb 3, 2024.
             Succumbed to their own poison gas
             ... on level 2 of the Dungeon.
             The game lasted 00:00:04 (1077 turns).

qw the Shooter (Deep Elf Hunter)                    Turns: 1077, Time: 00:00:05

Health: 0/20       AC:  7    Str: 10    XL:     3   Next: 57%
Magic:  5/5        EV: 11    Int: 13    God:
Gold:   93         SH:  0    Dex: 18    Spells: 2/2 levels left

rFire   . . .        a - +2 shortbow
rCold   . . .        (shield currently unavailable)
rNeg    . . .        b - +0 ring mail
rPois   .            (no helmet)
rElec   .            d - +1 cloak
rCorr   .            (no gloves)
SInv    .            (no boots)
Will    .....        (no amulet)
Stlth   +            (no ring)
HPRegen 0.23/turn    (no ring)
MPRegen 0.09/turn

%: no passive effects
@: lethally poisoned (0 -> -1)
A: no striking features
a: no special abilities


You were on level 2 of the Dungeon.
You visited 1 branch of the dungeon, and saw 2 of its levels.

You collected 93 gold pieces.


   Skills:
 - Level 1.5 Fighting
 + Level 7.1 Ranged Weapons
 - Level 2.4 Dodging
 - Level 1.2 Stealth


You had 2 spell levels left.
You didn't know any spells.
Your spell library was empty.

Inventory:

Hand Weapons
 a - a +2 shortbow (weapon)
Armour
 b - a +0 ring mail (worn)
 d - a +1 cloak (worn)
Potions
 i - a potion of might {unknown}

Dungeon Overview and Level Annotations

Branches:
Dungeon (2/15)

Altars:
Gozag

Shops:
D:2 !


Message History

The air fills with toxic fumes!
As you read the scroll labelled VUADIO JOUJEY, it crumbles to dust.
It was a scroll of poison.
Done exploring.
1068 ||| DROPPING potion of degeneration.
You drop a potion of degeneration.
Done exploring.
What level of the Dungeon? (default 2, ? - help) Sorry, I don't know how to get there.
Enter note:
Enter note:
Enter note:
Enter note:
Enter note:
Enter note:
Enter note:
Enter note:
Enter note:
Enter note:
Enter note:
Enter note: You are engulfed in poison gas.
You are poisoned.
You feel very sick.
1070 ||| Stepping ~*~*~tactically~*~*~ (cloud).
You feel very sick.
You see here a potion of degeneration.
There is a lethal amount of poison in your body!
You feel very sick.
There is a lethal amount of poison in your body!
You feel sick.
There is a lethal amount of poison in your body!
You feel sick.
There is a lethal amount of poison in your body!
You feel sick.
There is a lethal amount of poison in your body!
You feel sick.
There is a lethal amount of poison in your body!
You feel sick.
There is a lethal amount of poison in your body!
You die...

#.#....#.# ##.#....#.#
###¤.#......#
##0¤¤##.###..#
##¤¤####......# #####00##
#####... ####0¤¤¤0#### #..#
#¤¤¤¤¤¤.0¤08# #...
#^#¤¤@¤000#^# ##..
#¤.¤000¤00¤0########..
######¤##¤##0####.......#
##.##000.#0#..08 #.#####.#
##...######0#######.#####.#
#..........00....%.....##.#
##.....#####0.#####.##.##..
##.#.........# #.##.##.#
##.#.#######.# #.......#


There were no monsters in sight!

Vanquished Creatures
  An adder (D:2)
  A ribbon worm (D:2)
  2 dart slugs (D:1)
  2 ball pythons (D:2)
  3 endoplasms
  3 giant cockroaches (D:1)
  A goblin (D:1)
  3 hobgoblins
  2 jackals (D:2)
  A quokka (D:1)
  6 bats
  3 frilled lizards
  2 kobolds
  3 rats
33 creatures vanquished.

Notes
Turn   | Place    | Note
-------+----------+-------------------------------------------
     0 | D:1      | qw the Deep Elf Hunter began the quest for the Orb.
     0 | D:1      | Reached XP level 1. HP: 12/12 MP: 3/3
     0 | D:1      | 0 ||| qw: Version: 0.3-a-157-g843a77d
     0 | D:1      | 0 ||| qw: Game counter: 3677
     0 | D:1      | 0 ||| qw: Melee chars always use a shield: true
     0 | D:1      | 0 ||| qw: God list: Okawaru
     0 | D:1      | 0 ||| qw: Allow faded altars: false
     0 | D:1      | 0 ||| qw: Do Orc after clearing Dungeon:15 true
     0 | D:1      | 0 ||| qw: Do second Lair branch before Depths: true
     0 | D:1      | 0 ||| qw: Lair rune preference: random
     0 | D:1      | 0 ||| qw: Goals: Normal
     0 | D:1      | 0 ||| PLANNING D:1-11
    61 | D:1      | Reached XP level 2. HP: 13/16 MP: 4/4
    63 | D:1      | Reached skill level 6 in Ranged Weapons
   374 | D:1      | 374 ||| READING 2 scrolls labelled VESUREDUCI.
   374 | D:1      | 374 ||| IDENTIFYING scroll labelled XENIHO ICLEIPT
   375 | D:1      | 375 ||| READING scroll of identify.
   375 | D:1      | 375 ||| IDENTIFYING scroll labelled FAUCSI OK OCU
   376 | D:1      | 376 ||| READING scroll of enchant weapon.
   376 | D:1      | 376 ||| ENCHANTING +0 shortbow.
   377 | D:1      | 377 ||| DROPPING scroll of butterflies.
   387 | D:2      | Found Duheod's Distillery.
   399 | D:2      | 399 ||| SHOPLISTING potion of curing (42 gold, have 41).
   399 | D:2      | 399 ||| SHOPLISTING potion of haste (140 gold, have 41).
   399 | D:2      | 399 ||| SHOPLISTING potion of might (56 gold, have 41).
   422 | D:2      | Reached XP level 3. HP: 18/20 MP: 5/5
   668 | D:2      | Found an opulent altar of Gozag.
   734 | D:2      | Reached skill level 7 in Ranged Weapons
   738 | D:2      | Found a faded altar of an unknown god.
   793 | D:2      | 793 ||| READING scroll of enchant weapon.
   793 | D:2      | 793 ||| ENCHANTING +1 shortbow.
  1009 | D:2      | 1009 ||| UPGRADING to +0 ring mail.
  1019 | D:2      | 1019 ||| DROPPING +0 leather armour.
  1020 | D:2      | 1020 ||| UPGRADING to +0 cloak.
  1025 | D:2      | 1025 ||| READING scroll of enchant armour.
  1025 | D:2      | 1025 ||| ENCHANTING +0 cloak.
  1026 | D:2      | 1026 ||| READING scroll of identify.
  1026 | D:2      | 1026 ||| IDENTIFYING fuming inky potion
  1027 | D:2      | 1027 ||| READING scroll labelled LEITHR LIOG.
  1063 | D:2      | 1063 ||| READING scroll labelled DIETOR XONE.
  1067 | D:2      | 1067 ||| READING scroll labelled VUADIO JOUJEY.
  1068 | D:2      | 1068 ||| DROPPING potion of degeneration.
  1070 | D:2      | 1070 ||| Stepping ~*~*~tactically~*~*~ (cloud).
  1072 | D:2      | HP: 5/20 [poisoned by you (poison gas)]
  1074 | D:2      | HP: 2/20 [poisoned by you (poison gas)]
  1077 | D:2      | Succumbed to their own poison gas

Levels and vault maps discovered:
D:1:      ncdulo_halloftheorcs, layout_rooms
D:2:      layout_loops_cross, basic_altar, serial_shops,
          nicolae_shop_industrial_runoff,
          shapermc_ecumenical_altar_mp_highgroup, skrybe_limestone_x

Skill      XL: |  1  2  3 |
---------------+----------+-----
Ranged Weapons | 6 7 |  7.1
Fighting       | |  1.5
Dodging        | |  2.4
Stealth        | |  1.2

Action                     || total
---------------------------++-------
   Fire: Shortbow          ||    83
    Use: Scroll            ||     9
 Armour: Leather armour    ||    16
  Dodge: Dodged            ||    14

Table legend:
 A = Non-vault XP
 B = Vault XP
 C = Vault XP percentage of total XP
 D = Non-vault monster count
 E = Vault monster count
 F = Vault count percentage of total count
                 A         B        C        D         E       F
            +---------+---------+-------+---------+---------+-------
      Total |      73 |       0 |   0.0 |      33 |       0 |   0.0
            +---------+---------+-------+---------+---------+-------
        D:1 |      35 |       0 |   0.0 |      19 |       0 |   0.0
        D:2 |      38 |       0 |   0.0 |      14 |       0 |   0.0
            +---------+---------+-------+---------+---------+-------
